 Dungeon Crawl Stone Soup version 0.31-a0-626-g8143ab4f1d (webtiles) character file.

Game seed: 7082058796018419502

2185 zenocrate the Ruffian (level 9, 0/71 (73) HPs)
             Began as a Troll Shapeshifter on Aug 24, 2023.
             Slain by a wight
             ... wielding a +2 great sword of protection
              (14 damage)
             ... on level 7 of the Dungeon.
             The game lasted 00:05:58 (4996 turns).

zenocrate the Ruffian (Troll Shapeshifter)          Turns: 4996, Time: 00:05:58

HP:   0/71 (73)     AC:  4    Str: 27    XL:     9   Next: 11%
MP:   8/8           EV: 10    Int:  4    God:
Gold: 156           SH:  0    Dex: 12    Spells: 4/8 levels left

rFire   . .          .
                       - Unarmed
rCold   . . .        (shield currently unavailable)
rNeg    . . .        a - +0 animal skin
rPois   +            (helmet restricted)
rElec   .            (no cloak)
rCorr   +            (gloves unavailable)
SInv    .            (boots unavailable)
Will    .....        (no amulet)
Stlth   +            m - ring of poison resistance
HPRegen 1.11/turn    t - ring of resist corrosion
MPRegen 0.11/turn

%: no passive effects
@: flux-form, glowing, lightly drained
A: glow, contaminating, reduced hp, large, unfitting armour, claws 3,
regeneration 1, shaggy fur 1, tough skin 1
a: Begin Untransformation


You were on level 7 of the Dungeon.
You were something dangerously unstable.
You visited 1 branch of the dungeon, and saw 7 of its levels.

You collected 345 gold pieces.
You spent 189 gold pieces at shops.

Inventory:

Armour
 a - a +0 animal skin (worn)
 y - an orb of light
Jewellery
 l - a ring of protection from cold
 m - a ring of poison resistance (left claw)
 t - a ring of resist corrosion (right claw)
 u - a ring of magical power
 v - a ring of see invisible
Talismans
 c - a beast talisman
 d - a flux talisman (active)
Wands
 x - a wand of polymorph (3)
 A - a wand of digging (4)
Scrolls
 f - 2 scrolls of enchant weapon
 g - 2 scrolls of poison {unknown}
 h - 2 scrolls of vulnerability
 k - 2 scrolls of revelation
 s - 4 scrolls of teleportation
 w - a scroll of amnesia {unknown}
 B - a scroll of fog {unknown}
Potions
 b - a potion of lignification
 e - a potion of enlightenment
 i - 2 potions of haste
 j - 2 potions of magic
 n - 4 potions of attraction
 o - 2 potions of curing
 p - a potion of heal wounds
 q - 2 potions of berserk rage {unknown}
 r - a potion of might {unknown}
 z - a potion of ambrosia {unknown}


   Skills:
 - Level 0.7 Fighting
 - Level 3.3 Dodging
 + Level 7.6 Unarmed Combat
 * Level 4.5 Evocations
 - Level 6.8 Shapeshifting


You had 4 spell levels left.
You knew the following spells:

 Your Spells              Type           Power      Damage    Failure   Level
a - Teleport Other        Tloc           0%         N/A       86%         3
m - Apportation           Tloc           0%         N/A       50%         1

Your spell library contained the following spells:

 Spells                   Type           Power      Damage    Failure   Level
 Sandblast                Erth           0%         2d4       50%         1
 Passwall                 Tmut/Erth      0%         N/A       65%         2
 Gell's Gravitas          Tloc           0%         N/A       86%         3
 Stone Arrow              Conj/Erth      0%         3d7       86%         3
 Anguish                  Hex/Necr       0%         N/A       99%         4
 Cause Fear               Hex            0%         N/A       99%         4
 Alistair's Intoxication  Tmut/Pois      0%         N/A       100%        5
 Dispersal                Tloc           0%         N/A       100%        6
 Enfeeble                 Hex            0%         N/A       100%        7


Dungeon Overview and Level Annotations

Branches:
Dungeon (7/15)             Temple (0/1) D:7

Altars:
Kikubaaqudgha
Nemelex Xobeh
Okawaru
Qazlal
Trog
Yredelemnul

Shops:
D:1 :   D:5 ?

Annotations:
D:3 3 runed translucent doors, Cummy's ghost, weakling DrBe


Innate Abilities, Weirdness & Mutations

You are something dangerously unstable.
You glow with magical radiation, making you easy to see and hit.
Foes you strike become dangerously contaminated with magical radiation.
Your maximum health is decreased, since you lack skill for your form.
You are incapable of wielding weapons or throwing items.
You are too large for most types of armour.
You have claws for hands.
Your natural rate of healing is unusually fast.
You are covered in fur. (AC +1)
You have tough skin. (AC +1)


Message History

The wight hits you with a +2 great sword of protection!
You feel drained. The orc hits you with a +0 flail.
You claw the wyvern!
The wyvern begins to glow.
The wyvern is moderately wounded.
The wyvern closely misses you.
Unknown command.
You claw the wyvern!
The wyvern glows dangerously bright.
The wyvern is severely wounded.
The wyvern bites you.
The wight hits you with a +2 great sword of protection.
The orc closely misses you.
You claw the wyvern!
You kill the wyvern!
The wight barely misses you. The orc hits you with a +0 flail.
Your life force feels restored.
You barely miss the wight.
The wight hits you with a +2 great sword of protection.
You feel drained. The orc barely misses you.
You are too injured to fight recklessly!
You are too injured to fight recklessly!
You are too injured to fight recklessly!
You are too injured to fight recklessly!
You completely miss the wight.
The wight hits you with a +2 great sword of protection!
The orc barely misses you.
You barely miss the wight. The wight closely misses you.
The orc hits you but does no damage.
Unknown command.
You barely miss the wight.
Unknown command.
You claw the wight!
The wight begins to glow.
The wight is heavily damaged.
The wight hits you with a +2 great sword of protection!
* * * LOW HITPOINT WARNING * * *
The orc hits you but does no damage.
Unknown command.
You scratch the wight.
The wight glows dangerously bright.
The wight is severely damaged.
The wight hits you with a +2 great sword of protection!
You die...

#...................##
#.....................
#...................#.
#....................
###................#.#.#
........................
..........######'#.#....
..........#.....†.......
..........#.....Bz.#...>
..........#....)o)......
..........#>..##.#.#....
#####.....##+# #.#......
#.....# ....#.#.#
......... ... . .#.
##### .


You could see a wight (heavy contam) and an orc.

Vanquished Creatures
  Grinder (D:3)
  A wyvern (D:7)
  A wraith (D:6)
  A steam dragon (D:6)
  A black bear (D:4)
  A centaur (D:6)
  A phantom (D:5)
  2 kobold brigands (D:6)
  A bullfrog (D:6)
  5 scorpions
  2 jellies
  A gnoll bouda (D:5)
  4 hounds
  2 orc priests
  A sleepcap (D:5)
  Natasha (thrice) (D:4)
  6 orc wizards
  11 gnolls
  6 adders
  2 shadow imps (D:6)
  A white imp (D:4)
  An ufetubus (D:5)
  A worm (D:4)
  4 dart slugs
  29 orcs
  4 bats (D:1)
  9 endoplasms
  4 giant cockroaches
  2 hobgoblins
  3 jackals (D:3)
  6 quokkas
  5 ball pythons
  4 frilled lizards
  9 goblins
  19 kobolds
  7 rats
161 creatures vanquished.

Notes
Turn   | Place    | Note
-------+----------+-------------------------------------------
     0 | D:1      | zenocrate the Troll Shapeshifter began the quest for the
                  | Orb.
     0 | D:1      | Reached XP level 1. HP: 18/18 MP: 0/0
   112 | D:1      | Reached XP level 2. HP: 26/26 MP: 1/1
   242 | D:1      | Found Oriapiul's Book Emporium.
   576 | D:2      | Reached XP level 3. HP: 32/32 MP: 2/2
   956 | D:2      | Reached XP level 4. HP: 39/40 MP: 3/3
  1069 | D:2      | Identified the +8 spear of Ru, Kissing {holy, rElec rF+
                  | Stlth+}
  1391 | D:3      | Found an ancient bone altar of Kikubaaqudgha.
  1397 | D:3      | Found a runed translucent gate.
  1397 | D:3      | Found a runed translucent gate.
  1398 | D:3      | Found a runed translucent gate.
  1398 | D:3      | Noticed Grinder
  1408 | D:3      | Killed Grinder
  1409 | D:3      | Reached skill level 4 in Unarmed Combat
  1409 | D:3      | Reached skill level 5 in Shapeshifting
  1409 | D:3      | Reached XP level 5. HP: 22/46 MP: 4/4
  1438 | D:3      | Found a faded altar of an unknown god.
  1442 | D:3      | Noticed Cummy's ghost (weakling DrBe)
  1776 | D:3      | Reached XP level 6. HP: 48/54 MP: 5/5
  2039 | D:4      | Reached skill level 5 in Unarmed Combat
  2093 | D:4      | Found a stormy altar of Qazlal.
  2204 | D:4      | Identified the +3 war axe of Trog {heavy, Will+ rCorr}
  2239 | D:4      | Noticed Natasha
  2240 | D:4      | Killed Natasha
  2300 | D:4      | Reached XP level 7. HP: 53/61 MP: 6/6
  2343 | D:4      | Found a bloodstained altar of Trog.
  2359 | D:4      | Noticed Natasha
  2364 | D:4      | Killed Natasha
  2812 | D:4      | Noticed Natasha
  2818 | D:4      | Killed Natasha
  2885 | D:4      | Learned a level 3 spell: Teleport Other
  2927 | D:5      | Entered Level 5 of the Dungeon
  2974 | D:5      | Reached skill level 1 in Evocations
  3057 | D:5      | Found Lulev's Magic Scroll Boutique.
  3150 | D:5      | Reached skill level 6 in Unarmed Combat
  3290 | D:4      | Reached XP level 8. HP: 46/68 MP: 7/7
  3517 | D:5      | Found a sparkling altar of Nemelex Xobeh.
  3517 | D:5      | Found an iron altar of Okawaru.
  3517 | D:5      | Found a basalt altar of Yredelemnul.
  3939 | D:5      | Bought a scroll of identify for 28 gold pieces
  3939 | D:5      | Bought a scroll of identify for 28 gold pieces
  3939 | D:5      | Bought a scroll of identify for 28 gold pieces
  3939 | D:5      | Bought a scroll of revelation for 105 gold pieces
  3944 | D:5      | Learned a level 1 spell: Apportation
  4286 | D:6      | Reached skill level 7 in Unarmed Combat
  4836 | D:7      | Reached XP level 9. HP: 32/75 MP: 8/8
  4979 | D:7      | Found a staircase to the Ecumenical Temple.
  4996 | D:7      | Slain by a wight

Illustrated notes

Levels and vault maps discovered:
D:1:      dpeg_arrival_stone_temple_mockup, layout_basic, serial_shops,
          nicolae_book_shop_shelving, minmay_octomino_c4
D:2:      layout_loops_ring, serial_aquarium, aquarium_bridge_straight
          [aquarium_subvault_bridge, aquarium_subvault_window,
          aquarium_subvault_bridge, aquarium_subvault_balcony],
          aquarium_bridge_square [aquarium_subvault_wall,
          aquarium_subvault_wall, aquarium_subvault_bridge,
          aquarium_subvault_wall], aquarium_window_2, aquarium_window_fake,
          aquarium_window_2, aquarium_window_1, aquarium_view_4,
          aquarium_view_2g, aquarium_balcony_double_1, aquarium_pool_2,
          serial_bayou_crossing
D:3:      layout_basic, nicolae_kikubaaqudgha_miasma_corner,
          gammafunk_ghost_necromancy, basic_ecumenical_altar,
          minmay_misc_feat_rows, kennysheep_generic_room_14, uniq_grinder
D:4:      minmay_inner_zag, layout_basic, grunt_qazlal_clouds,
          mainiacjoe_overflow_surrounded_room, uniq_natasha
D:5:      layout_loops_ring, gammafunk_temple_overflow_claw, serial_shops,
          nicolae_inconvenience_store
D:6:      layout_basic
D:7:      dreamdust_elfheim, layout_gridville, minmay_temple_entry_glass,
          amcnicky_mini_pool_medium, uniq_joseph, uniq_crazy_yiuf_cottage

Skill      XL: |  1  2  3  4  5  6  7  8 |
---------------+-------------------------+-----
Shapeshifting  | 4 5 6 |  6.8
Unarmed Combat | 4 5 6 7 |  7.6
Evocations     | 1 4 |  4.5
Dodging        | 2 3 |  3.3
Fighting       | |  0.7

Action                     |  1- 3 |  4- 6 |  7- 9 || total
---------------------------+-------+-------+-------++-------
  Melee: Unarmed           |   108 |   118 |   219 ||   445
         Punch             |     1 |     3 |       ||     4
    Use: Scroll            |       |     1 |     9 ||    10
   Stab: Sleeping          |       |     1 |       ||     1
 Armour: Animal skin       |    43 |    25 |    41 ||   109
         Skin              |       |       |     1 ||     1
  Dodge: Dodged            |    47 |    46 |   109 ||   202
   Form: Flux              |       |       |     1 ||     1

Table legend: (Time is in decaauts)
 A = Elapsed time spent in this place.
 B = Non-inter-level travel time spent in this place.
 C = Inter-level travel time spent in this place.
 D = Time resting spent in this place.
 E = Time spent auto-exploring this place.
 F = Levels seen in this place.
 G = Mean time per level.
                   A        B        C        D        E       F      G
               +--------+--------+--------+--------+--------+-----+--------+
         Total |   4952 |   4736 |    216 |     15 |   3772 |   7 |  707.4 |
       Dungeon |   4952 |   4736 |    216 |     15 |   3772 |   7 |  707.4 |
               +--------+--------+--------+--------+--------+-----+--------+

Top non-repeatable levels by time:
     D:4: 1004 daAuts
     D:5: 973 daAuts
     D:2: 848 daAuts
     D:6: 766 daAuts
     D:3: 634 daAuts
     D:1: 509 daAuts
     D:7: 214 daAuts
